 Dungeon Crawl Stone Soup version 0.31.0-11-ge490571c62 (webtiles) character file.

Game seed: 11324740878328454106

107 qw the Skirmisher (level 4, 0/25 HPs)
             Began as a Deep Elf Hunter on Feb 5, 2024.
             Killed by nerve-wracking pain
             ... invoked by Grinder
              (6 damage)
             ... on level 4 of the Dungeon.
             The game lasted 00:00:54 (2445 turns).

qw the Skirmisher (Deep Elf Hunter)                 Turns: 2445, Time: 00:00:55

Health: 0/25       AC: 10    Str: 16      XL:     4   Next: 56%
Magic:  6/6        EV: 10    Int: 13 (14) God:
Gold:   109        SH:  0    Dex: 18      Spells: 3/3 levels left

rFire   . . .        a - +1 shortbow
rCold   . . .        (shield currently unavailable)
rNeg    . . .        k - +3 scale mail
rPois   .            (no helmet)
rElec   .            (no cloak)
rCorr   .            (no gloves)
SInv    .            (no boots)
Will    .....        g - amulet of the acrobat
Stlth   +            e - +4 ring of protection
HPRegen 0.24/turn    l - +6 ring of strength
MPRegen 0.10/turn

%: acrobat, clarity
@: no status effects
A: clarity, deformed body, deterioration 1
a: no special abilities


You were on level 4 of the Dungeon.
You visited 1 branch of the dungeon, and saw 4 of its levels.

You collected 153 gold pieces.
You spent 44 gold pieces at shops.


Innate Abilities, Weirdness & Mutations

You possess an exceptional clarity of mind.
Armour fits poorly on your strangely shaped body.
Your body sometimes deteriorates upon taking damage.


   Skills:
 - Level 1.5 Fighting
 + Level 8.0 Ranged Weapons
 - Level 2.4 Dodging
 - Level 1.2 Stealth


You had 3 spell levels left.
You didn't know any spells.
Your spell library was empty.

Inventory:

Hand Weapons
 a - a +1 shortbow (weapon)
Armour
 k - a +3 scale mail (worn)
Jewellery
 e - a +4 ring of protection (left hand)
 g - an amulet of the acrobat (around neck)
 l - a +6 ring of strength (right hand)
 n - an amulet of guardian spirit
Scrolls
 b - a scroll of amnesia {unknown}
 c - a scroll of vulnerability {unknown}
 d - a scroll of torment {unknown}
Potions
 h - a potion of curing {unknown}
 j - a potion of invisibility {unknown}

Dungeon Overview and Level Annotations

Branches:
Dungeon (4/15)
 Temple: D:4-7

Altars:
Ashenzari
Hepliaklqana
Yredelemnul

Shops:
D:2 *

Portals:
Abyss: D:3

Annotations:
D:3 2 transporters, qw's ghost, amateur DEHu
D:4 Grinder


Message History

You open the door.
There is an open door here.
You open the door.
Found a stone staircase leading down.
An adder comes into view.
The adder hisses angrily.
You shoot an arrow. The arrow hits the adder!
The adder is almost dead.
You shoot an arrow. The arrow closely misses the adder.
You shoot an arrow. The arrow closely misses the adder.
You shoot an arrow. The arrow misses the adder.
The adder barely misses you. The adder closely misses you.
You shoot an arrow. The arrow hits the adder!
You kill the adder!
Your Ranged Weapons skill increases to level 8!
You see here an adder corpse.
You open the door.
Grinder comes into view.
Grinder shouts!
You shoot an arrow. The arrow hits Grinder.
Grinder is lightly wounded.
Grinder hits you.
Your body deteriorates!
You feel dopey.
You writhe in agony.
You shoot an arrow. The arrow barely misses Grinder.
Grinder hits you but does no damage.
You shoot an arrow. The arrow barely misses Grinder.
Grinder gestures at you. Pain shoots through your body!
You shoot an arrow. The arrow barely misses Grinder.
Grinder hits you.
You shoot an arrow.
The arrow hits Grinder but does no damage.
Grinder sighs, "No one appreciates my work."
Grinder blinks!
You shoot an arrow. The arrow barely misses Grinder.
Grinder gestures at you. Pain shoots through your body!
You die...
Grinder says, "Now the real fun starts!"

#.......# #.......#
#.......#
####+##.......#
........#######
........#....
........#... .
........##ยค###....
#####.....@..5....
#.............
#.........####
#.....7...#
#....77...# #.....
...# #####. ...#
.....+


You could see Grinder.

Vanquished Creatures
  3 adders
  2 dart slugs (D:1)
  2 ribbon worms (D:2)
  8 orcs (D:3)
  7 endoplasms
  4 giant cockroaches
  6 hobgoblins
  2 jackals (D:1)
  6 kobolds
  4 quokkas
  2 ball pythons
  5 bats
  A frilled lizard (D:2)
  2 goblins
  7 rats
61 creatures vanquished.

Notes
Turn   | Place    | Note
-------+----------+-------------------------------------------
     0 | D:1      | qw the Deep Elf Hunter began the quest for the Orb.
     0 | D:1      | Reached XP level 1. HP: 12/12 MP: 3/3
     0 | D:1      | 0 ||| qw: Version: 0.3-a-160-g6735b56
     0 | D:1      | 0 ||| qw: Game counter: 6555
     0 | D:1      | 0 ||| qw: Melee chars always use a shield: true
     0 | D:1      | 0 ||| qw: God list: Okawaru
     0 | D:1      | 0 ||| qw: Allow faded altars: false
     0 | D:1      | 0 ||| qw: Do Orc after clearing Dungeon:15 true
     0 | D:1      | 0 ||| qw: Do second Lair branch before Depths: true
     0 | D:1      | 0 ||| qw: Lair rune preference: random
     0 | D:1      | 0 ||| qw: Goals: Normal
     0 | D:1      | 0 ||| PLANNING D:1-11
   149 | D:1      | Reached skill level 6 in Ranged Weapons
   149 | D:1      | Reached XP level 2. HP: 14/16 MP: 4/4
   168 | D:1      | Found a faded altar of an unknown god.
   531 | D:1      | Reached XP level 3. HP: 20/20 MP: 5/5
   651 | D:1      | 651 ||| UPGRADING to amulet of the acrobat.
   656 | D:1      | 656 ||| UPGRADING to +4 ring of protection.
   657 | D:1      | 657 ||| READING 3 scrolls labelled KORROO CEMIOLU.
   657 | D:1      | 657 ||| ENCHANTING +0 shortbow.
   658 | D:1      | 658 ||| DRINKING 2 green potions.
   659 | D:1      | 659 ||| DROPPING scroll of butterflies.
   660 | D:1      | 660 ||| DROPPING potion of attraction.
   810 | D:2      | 810 ||| UPGRADING to +0 ring mail.
   820 | D:2      | 820 ||| DROPPING +0 leather armour.
   821 | D:2      | 821 ||| READING 2 scrolls of enchant armour.
   821 | D:2      | 821 ||| ENCHANTING +0 ring mail.
   822 | D:2      | 822 ||| READING scroll of enchant armour.
   822 | D:2      | 822 ||| ENCHANTING +1 ring mail.
  1016 | D:2      | Reached skill level 7 in Ranged Weapons
  1023 | D:2      | Found Ytehutsi's Assorted Antiques.
  1028 | D:2      | 1028 ||| BUYING clear potion (22 gold).
  1028 | D:2      | Bought a clear potion for 22 gold pieces
  1028 | D:2      | 1028 ||| SHOPLISTING iron ring (125 gold, have 71).
  1028 | D:2      | 1028 ||| BUYING pink potion (22 gold).
  1028 | D:2      | Bought a pink potion for 22 gold pieces
  1028 | D:2      | 1028 ||| SHOPLISTING wooden wand (100 gold, have 49).
  1590 | D:2      | 1590 ||| UPGRADING to +6 ring of strength.
  1591 | D:2      | 1591 ||| READING scroll labelled ELAARH ATWYORR.
  1591 | D:2      | 1591 ||| ENCHANTING +0 shortbow.
  1592 | D:2      | 1592 ||| READING scroll labelled YQOCRU WAELE.
  1592 | D:2      | 1592 ||| IDENTIFYING clear potion
  1593 | D:2      | 1593 ||| DROPPING potion of ambrosia.
  1681 | D:3      | Reached XP level 4. HP: 19/25 MP: 6/6
  1732 | D:3      | Noticed a small abomination
  1741 | D:3      | Found a one-way gate to the infinite horrors of the Abyss.
  1741 | D:3      | Noticed qw's ghost (amateur DEHu)
  1745 | D:3      | Noticed a small abomination
  1754 | D:3      | Noticed a small abomination
  1946 | D:3      | Found a transporter.
  1947 | D:3      | Found a transporter.
  2032 | D:3      | Found a broken altar of Ashenzari.
  2034 | D:3      | Found a basalt altar of Yredelemnul.
  2036 | D:3      | Found a hazy altar of Hepliaklqana.
  2285 | D:3      | 2285 ||| UPGRADING to +3 scale mail.
  2295 | D:3      | 2295 ||| DROPPING +2 ring mail.
  2296 | D:3      | 2296 ||| DROPPING +6 ring of intelligence.
  2297 | D:3      | 2297 ||| READING scroll of identify.
  2297 | D:3      | 2297 ||| IDENTIFYING pink potion
  2298 | D:3      | 2298 ||| READING scroll labelled IHANYI CAXIKHU.
  2299 | D:3      | 2299 ||| DRINKING 2 fuming yellow potions.
  2299 | D:3      | Gained mutation: You are frail. (-10% HP) [potion of
                  | mutation]
  2299 | D:3      | Gained mutation: Your body sometimes deteriorates upon
                  | taking damage. [potion of mutation]
  2299 | D:3      | Gained mutation: You are strong-willed. (Will+) [potion of
                  | mutation]
  2300 | D:3      | 2300 ||| DRINKING potion of mutation.
  2300 | D:3      | Lost mutation: You are frail. (-10% HP) [potion of
                  | mutation]
  2300 | D:3      | Lost mutation: You are strong-willed. (Will+) [potion of
                  | mutation]
  2300 | D:3      | Gained mutation: Armour fits poorly on your strangely
                  | shaped body. [potion of mutation]
  2300 | D:3      | Gained mutation: You possess an exceptional clarity of
                  | mind. [potion of mutation]
  2310 | D:3      | 2310 ||| DROPPING potion of magic.
  2438 | D:4      | Reached skill level 8 in Ranged Weapons
  2439 | D:4      | Noticed Grinder
  2443 | D:4      | HP: 5/25 [Grinder (2)]
  2445 | D:4      | Killed from afar by Grinder

Levels and vault maps discovered:
D:1:      tarquinn_simple_flora_water_c, layout_basic,
          hellmonk_ecumenical_altar_blasted, nrook_campfire
D:2:      layout_basic, serial_shops, shop, serial_co_window_serial,
          co_window_of_opportunity_a, co_window_of_opportunity_a,
          co_window_corner_a, co_window_of_opportunity_a, co_window_paths_b,
          co_window_2corner, co_window_2corner, co_window_broadway_b,
          co_window_sun
D:3:      layout_basic, grunt_temple_overflow_diamond,
          gammafunk_ghost_abyssal_escape
D:4:      layout_gridville, minmay_temple_entry_proselytizer,
          chequers_mini_garden, uniq_grinder

Skill      XL: |  1  2  3  4 |
---------------+-------------+-----
Ranged Weapons | 6 7 8 |  8.0
Fighting       | |  1.5
Dodging        | |  2.4
Stealth        | |  1.2

Action                     |  1- 3 |  4- 6 || total
---------------------------+-------+-------++-------
   Fire: Shortbow          |   118 |    49 ||   167
    Use: Scroll            |     5 |     2 ||     7
         Potion            |     1 |     2 ||     3
 Armour: Leather armour    |     9 |       ||     9
         Ring mail         |    13 |     2 ||    15
         Scale mail        |       |     3 ||     3
  Dodge: Dodged            |    19 |     3 ||    22

Table legend:
 A = Non-vault XP
 B = Vault XP
 C = Vault XP percentage of total XP
 D = Non-vault monster count
 E = Vault monster count
 F = Vault count percentage of total count
                 A         B        C        D         E       F
            +---------+---------+-------+---------+---------+-------
      Total |     153 |       0 |   0.0 |      61 |       0 |   0.0
            +---------+---------+-------+---------+---------+-------
        D:1 |      44 |       0 |   0.0 |      23 |       0 |   0.0
        D:2 |      43 |       0 |   0.0 |      18 |       0 |   0.0
        D:3 |      53 |       0 |   0.0 |      19 |       0 |   0.0
        D:4 |      13 |       0 |   0.0 |       1 |       0 |   0.0
            +---------+---------+-------+---------+---------+-------
